[Event "FICS rated blitz game"]
[Site "FICS freechess.org"]
[FICSGamesDBGameNo "20001982"]
[White "Riget"]
[Black "dtm"]
[WhiteElo "1564"]
[BlackElo "1518"]
[WhiteRD "na"]
[BlackRD "na"]
[TimeControl "180+8"]
[Date "1999.09.21"]
[Time "17:32:00"]
[WhiteClock "0:03:00.000"]
[BlackClock "0:03:00.000"]
[ECO "D10"]
[PlyCount "118"]
[Result "0-1"]

1. d4 d5 2. c4 c6 3. Nc3 e5 4. dxe5 d4 5. Ne4 Qa5+ 6. Bd2 Qxe5 7. Ng3 Nf6 8. Nf3 Qc5 9. e3 dxe3 10. Bxe3 Qb4+ 11. Bd2 Qxb2 12. Bd3 Be7 13. O-O O-O 14. Re1 Qa3 15. Qc2 Rd8 16. Bf5 Bxf5 17. Nxf5 Bc5 18. Re2 Nbd7 19. Rae1 Re8 20. Bc3 Rxe2 21. Rxe2 Re8 22. Rxe8+ Nxe8 23. Ng5 Ndf6 24. Ne3 Bxe3 25. fxe3 Qc5 26. Nf3 Qxe3+ 27. Kf1 Ne4 28. Bd4 Qf4 29. Bxa7 N4d6 30. c5 Qc4+ 31. Qxc4 Nxc4 32. Ke2 Nf6 33. h3 Nd7 34. Kd3 Nce5+ 35. Nxe5 Nxe5+ 36. Kd4 Nd7 37. Ke4 Kf8 38. g4 Ke7 39. Kf5 g6+ 40. Ke4 Ke6 41. a4 h5 42. a5 hxg4 43. hxg4 f5+ 44. gxf5+ gxf5+ 45. Kf4 Ne5 46. Bb8 Nc4 47. Bc7 Kf6 48. Kf3 Ne5+ 49. Kf4 Nd3+ 50. Ke3 Nxc5 51. Kd4 Nb3+ 52. Kc4 Nxa5+ 53. Bxa5 f4 54. Bb6 Ke5 55. Bc7+ Ke4 56. Kc5 f3 57. Bg3 Ke3 58. Kb6 f2 59. Bxf2+ Kxf2 {White resigns} 0-1

[Event "FICS rated blitz game"]
[Site "FICS freechess.org"]
[FICSGamesDBGameNo "20001980"]
[White "LouisVan"]
[Black "tictactic"]
[WhiteElo "1715"]
[BlackElo "1814"]
[WhiteRD "na"]
[BlackRD "na"]
[TimeControl "180+0"]
[Date "1999.09.21"]
[Time "17:14:00"]
[WhiteClock "0:03:00.000"]
[BlackClock "0:03:00.000"]
[ECO "B10"]
[PlyCount "56"]
[Result "0-1"]

1. e4 c6 2. d3 d5 3. Nd2 e5 4. Ngf3 Bd6 5. d4 exd4 6. exd5 Nf6 7. dxc6 Nxc6 8. Bb5 O-O 9. Nc4 Bb4+ 10. Bd2 Qe7+ 11. Kf1 Bc5 12. Qe2 Qc7 13. Bg5 Re8 14. Qd1 Ne4 15. Bh4 Bg4 16. Bg3 Qe7 17. Bxc6 bxc6 18. Nce5 Bc8 19. Qd3 Nd6 20. Nxc6 Qc7 21. Ng5 g6 22. Nxd4 a5 23. Nb5 Nxb5 24. Bxc7 Nxc7 25. g3 Ba6 26. c4 Rad8 27. Qc3 Nd5 28. Qxa5 Bxc4+ {White forfeits on time} 0-1

[Event "FICS rated blitz game"]
[Site "FICS freechess.org"]
[FICSGamesDBGameNo "20001979"]
[White "pamich"]
[Black "GreenFord"]
[WhiteElo "1887"]
[BlackElo "1875"]
[WhiteRD "na"]
[BlackRD "na"]
[TimeControl "180+0"]
[Date "1999.09.21"]
[Time "15:28:00"]
[WhiteClock "0:03:00.000"]
[BlackClock "0:03:00.000"]
[ECO "E73"]
[PlyCount "119"]
[Result "1-0"]

1. d4 g6 2. c4 Bg7 3. Nc3 d6 4. e4 Nf6 5. Be2 O-O 6. g4 e5 7. d5 c5 8. g5 Ne8 9. h4 f5 10. h5 f4 11. Nf3 Bg4 12. hxg6 hxg6 13. Rg1 Bxf3 14. Bxf3 Rf7 15. Bg4 Rc7 16. Be6+ Kf8 17. Nb5 Re7 18. Qg4 a6 19. Nc3 Nc7 20. Rh1 Nxe6 21. dxe6 Nc6 22. Nd5 Nd4 23. Nxe7 Qxe7 24. Kd1 Nxe6 25. Bd2 Nxg5 26. Rg1 Bf6 27. f3 Kg7 28. Kc2 Rh8 29. Rh1 Nh7 30. Rag1 Qf7 31. b3 g5 32. Bc3 b5 33. Rd1 Be7 34. Qh3 bxc4 35. Qh6+ Kg8 36. Rh5 cxb3+ 37. axb3 Qg7 38. Qe6+ Qf7 39. Qg4 Kg7 40. Rdh1 Bf6 41. Qh3 Kg8 42. Qc8+ Qf8 43. Qxf8+ Nxf8 44. Rxh8+ Bxh8 45. Rh6 Kf7 46. Rxd6 Ne6 47. Rxa6 Bf6 48. Ra7+ Kg6 49. Kd3 Nd4 50. Bxd4 exd4 51. Rc7 Kh5 52. Rxc5 Kh4 53. Rf5 Bg7 54. e5 Kg3 55. Rxg5+ Kxf3 56. Rxg7 Kf2 57. e6 f3 58. e7 Kf1 59. e8=Q f2 60. Qe2# {Black checkmated} 1-0

[Event "FICS rated blitz game"]
[Site "FICS freechess.org"]
[FICSGamesDBGameNo "20001978"]
[White "FMP"]
[Black "Gery"]
[WhiteElo "2175"]
[BlackElo "2010"]
[WhiteRD "na"]
[BlackRD "na"]
[TimeControl "180+1"]
[Date "1999.09.21"]
[Time "15:20:00"]
[WhiteClock "0:03:00.000"]
[BlackClock "0:03:00.000"]
[ECO "B10"]
[PlyCount "108"]
[Result "1/2-1/2"]

1. e4 c6 2. c4 d5 3. cxd5 cxd5 4. exd5 Nf6 5. Nc3 Nxd5 6. Nf3 Nxc3 7. bxc3 g6 8. Bc4 Bg7 9. O-O O-O 10. Re1 Nc6 11. Ba3 Na5 12. Bf1 Re8 13. Qa4 Bd7 14. Qh4 e6 15. Qb4 Rc8 16. Rab1 b6 17. Ne5 Bf8 18. Qb2 Bxa3 19. Qxa3 Bc6 20. Qb4 Qd5 21. Qf4 Re7 22. Qf6 Rec7 23. c4 Qd8 24. Qf4 Be8 25. d3 Nc6 26. Ng4 Qd4 27. Nf6+ Kh8 28. Re4 Qd8 29. Qh4 h5 30. Qg5 Kg7 31. Nxh5+ Kg8 32. Qxd8 Rxd8 33. Nf6+ Kg7 34. Ng4 Nd4 35. Ree1 Bc6 36. Ne5 Bb7 37. h4 Rh8 38. Re3 Rxh4 39. Rh3 Rxh3 40. gxh3 Nf3+ 41. Nxf3 Bxf3 42. Re1 Rd7 43. Re3 Bc6 44. Kh2 Rd4 45. Kg3 Kf6 46. f4 g5 47. fxg5+ Kxg5 48. Be2 Kf6 49. h4 Kg6 50. h5+ Kg5 51. Re5+ Kf6 52. Re3 Kg5 53. Re5+ Kf6 54. Re3 Kg5 {Game drawn by repetition} 1/2-1/2

[Event "FICS rated lightning game"]
[Site "FICS freechess.org"]
[FICSGamesDBGameNo "20001977"]
[White "woof"]
[Black "pdeck"]
[WhiteElo "1904"]
[BlackElo "2084"]
[WhiteRD "na"]
[BlackRD "na"]
[TimeControl "60+0"]
[Date "1999.09.21"]
[Time "14:23:00"]
[WhiteClock "0:01:00.000"]
[BlackClock "0:01:00.000"]
[ECO "A40"]
[PlyCount "99"]
[Result "1-0"]

1. d4 e6 2. Nf3 Be7 3. Bf4 f5 4. Bg3 d5 5. Ne5 Nf6 6. e3 O-O 7. Bd3 c5 8. c3 cxd4 9. exd4 Nc6 10. Nxc6 bxc6 11. Qa4 Qb6 12. b4 Bd7 13. Qc2 a5 14. bxa5 Qxa5 15. O-O Rab8 16. Bxb8 Rxb8 17. a4 Qb6 18. Na3 Qb2 19. Qxb2 Rxb2 20. Rfb1 Rd2 21. Bf1 Bxa3 22. Rxa3 Ne4 23. a5 Rc2 24. a6 Nxc3 25. Rxc3 Rxc3 26. Ra1 Bc8 27. a7 Bb7 28. a8=Q+ Bxa8 29. Rxa8+ Kf7 30. Ra1 Kf6 31. h3 e5 32. dxe5+ Kxe5 33. Ra6 Kd6 34. Ra7 d4 35. Rxg7 d3 36. Rxh7 d2 37. Be2 Rc1+ 38. Kh2 d1=Q 39. Bxd1 Rxd1 40. Rh6+ Kc5 41. Rf6 Rd5 42. h4 Kb4 43. h5 c5 44. h6 c4 45. Rf8 Rd4 46. g3 Kc3 47. h7 Kb4 48. h8=Q c3 49. Qxd4+ Kb3 50. Rb8+ {Black resigns} 1-0

[Event "FICS rated blitz game"]
[Site "FICS freechess.org"]
[FICSGamesDBGameNo "20001975"]
[White "EdoTK"]
[Black "DrBastard"]
[WhiteElo "1633"]
[BlackElo "1695"]
[WhiteRD "na"]
[BlackRD "na"]
[TimeControl "180+0"]
[Date "1999.09.21"]
[Time "14:04:00"]
[WhiteClock "0:03:00.000"]
[BlackClock "0:03:00.000"]
[ECO "C02"]
[PlyCount "66"]
[Result "0-1"]

1. e4 e6 2. d4 d5 3. e5 c5 4. c3 Nc6 5. Nf3 Bd7 6. Bb5 Nxe5 7. Bxd7+ Nxd7 8. O-O Qc7 9. Re1 Ngf6 10. g3 Bd6 11. Na3 a6 12. dxc5 Nxc5 13. b4 Nce4 14. Qa4+ b5 15. Nxb5 Qb6 16. Nxd6+ Ke7 17. Nxe4 Nxe4 18. Be3 Qb7 19. Bc5+ Kf6 20. Rxe4 dxe4 21. Bd4+ Kg6 22. Nh4+ Kh6 23. Be3+ g5 24. Rd1 Rad8 25. Ng2 Rxd1+ 26. Qxd1 Qc7 27. h4 f6 28. hxg5+ fxg5 29. Bxg5+ Kxg5 30. f4+ Kg6 31. Qg4+ Kf7 32. Qh5+ Ke7 33. Qe5 Qxe5 {White resigns} 0-1

[Event "FICS rated blitz game"]
[Site "FICS freechess.org"]
[FICSGamesDBGameNo "20001974"]
[White "KingCrud"]
[Black "Icanwin"]
[WhiteElo "1607"]
[BlackElo "1485"]
[WhiteRD "na"]
[BlackRD "na"]
[TimeControl "180+0"]
[Date "1999.09.21"]
[Time "13:54:00"]
[WhiteClock "0:03:00.000"]
[BlackClock "0:03:00.000"]
[ECO "C41"]
[PlyCount "108"]
[Result "0-1"]

1. e4 e5 2. Nf3 d6 3. Nc3 Nf6 4. Bc4 h6 5. d4 exd4 6. Nxd4 Qe7 7. O-O Be6 8. Nf5 Qd7 9. Re1 Bxc4 10. e5 dxe5 11. Rxe5+ Kd8 12. Qxd7+ Nbxd7 13. Re1 Bb4 14. Bd2 Re8 15. Rxe8+ Kxe8 16. Re1+ Kf8 17. a3 Bxc3 18. Bxc3 Re8 19. Rxe8+ Kxe8 20. Nxg7+ Ke7 21. Nf5+ Ke6 22. Nxh6 Ne5 23. f4 Neg4 24. f5+ Ke7 25. Bxf6+ Nxf6 26. h3 Be2 27. g4 Kf8 28. g5 Ne4 29. f6 Nxg5 30. Nf5 Nxh3+ 31. Kg2 Ng5 32. Kf2 Bd1 33. c3 Bc2 34. Nd4 Ne4+ 35. Ke3 Bb1 36. Nb5 Nxf6 37. Nxc7 a6 38. Na8 Ke7 39. Nb6 Ba2 40. Na4 Nd5+ 41. Kd4 Kd6 42. Nc5 Kc6 43. Nd3 f5 44. c4 Ne7 45. Nb4+ Kd6 46. Nxa2 Nc6+ 47. Kd3 Ke5 48. b4 Nd4 49. Nc3 f4 50. Nd1 f3 51. Ke3 Nc2+ 52. Kxf3 Nxa3 53. c5 Kd5 54. Nb2 Nc4 {White forfeits on time} 0-1

[Event "FICS rated standard game"]
[Site "FICS freechess.org"]
[FICSGamesDBGameNo "20001973"]
[White "SludgePuppet"]
[Black "SRM"]
[WhiteElo "1710"]
[BlackElo "1795"]
[WhiteRD "na"]
[BlackRD "na"]
[TimeControl "900+0"]
[Date "1999.09.21"]
[Time "12:40:00"]
[WhiteClock "0:15:00.000"]
[BlackClock "0:15:00.000"]
[ECO "B33"]
[PlyCount "43"]
[Result "1-0"]

1. e4 c5 2. Nf3 Nc6 3. d4 cxd4 4. Nxd4 Nf6 5. Nc3 e5 6. Ndb5 d6 7. Bg5 a6 8. Na3 b5 9. Nd5 Qa5+ 10. c3 Nxe4 11. b4 Qxa3 12. Nc7+ Kd7 13. Nxa8 Nxg5 14. Nb6+ Kd8 15. Qc2 Bb7 16. Bd3 Ne6 17. O-O g6 18. f4 f5 19. fxe5 dxe5 20. Bxf5 gxf5 21. Qxf5 Nf4 22. Qd7# {Black checkmated} 1-0

[Event "FICS rated blitz game"]
[Site "FICS freechess.org"]
[FICSGamesDBGameNo "20001972"]
[White "Dipsy"]
[Black "Kamakiri"]
[WhiteElo "1470"]
[BlackElo "1546"]
[WhiteRD "na"]
[BlackRD "na"]
[TimeControl "180+0"]
[Date "1999.09.21"]
[Time "11:46:00"]
[WhiteClock "0:03:00.000"]
[BlackClock "0:03:00.000"]
[ECO "C05"]
[PlyCount "104"]
[Result "0-1"]

1. e4 e6 2. d4 d5 3. Nd2 Nf6 4. e5 Nfd7 5. Ngf3 c5 6. c3 Nc6 7. Bd3 f6 8. Qc2 c4 9. Be2 fxe5 10. dxe5 Ndxe5 11. Nxe5 Nxe5 12. Nf3 Nxf3+ 13. Bxf3 Bc5 14. O-O O-O 15. Bg4 Bd7 16. Bf4 Qb6 17. Bg3 Rae8 18. Rae1 a6 19. Be5 Bd6 20. Bxd6 Qxd6 21. Qd2 e5 22. Bxd7 Qxd7 23. f3 Re7 24. Rf2 Rfe8 25. Rfe2 Qc6 26. f4 Qc5+ 27. Kh1 e4 28. Qe3 Qxe3 29. Rxe3 Rf7 30. g3 Rd8 31. Rd1 b5 32. a3 a5 33. Kg2 b4 34. axb4 axb4 35. Re2 bxc3 36. bxc3 Rb7 37. Red2 Rb5 38. Kh3 Kf7 39. Kh4 h6 40. h3 Kf6 41. g4 g5+ 42. fxg5+ hxg5+ 43. Kg3 Kg6 44. Rf2 Rb3 45. Rfd2 Rxc3+ 46. Kg2 Rd3 47. Rxd3 exd3 48. Kf2 Re8 49. Ra1 Re2+ 50. Kf3 d4 51. Ra4 c3 52. Rxd4 Re3+ {White forfeits on time} 0-1

[Event "FICS rated blitz game"]
[Site "FICS freechess.org"]
[FICSGamesDBGameNo "20001971"]
[White "QueenDream"]
[Black "torpe"]
[WhiteElo "1649"]
[BlackElo "1625"]
[WhiteRD "na"]
[BlackRD "na"]
[TimeControl "180+0"]
[Date "1999.09.21"]
[Time "11:41:00"]
[WhiteClock "0:03:00.000"]
[BlackClock "0:03:00.000"]
[ECO "A20"]
[PlyCount "75"]
[Result "1-0"]

1. c4 e5 2. g3 Nc6 3. Bg2 f5 4. e3 Nf6 5. Ne2 Bb4 6. a3 Bc5 7. b4 Be7 8. Nbc3 d6 9. d3 O-O 10. O-O Nh5 11. d4 Qe8 12. d5 Nb8 13. f4 e4 14. Bb2 Nd7 15. Nd4 Ndf6 16. Ncb5 Qd7 17. Ne6 Ng4 18. Nxf8 Bxf8 19. h3 Ngf6 20. Kh2 g6 21. Nd4 Be7 22. Ne6 c6 23. dxc6 Qxc6 24. Ng5 Qxc4 25. Rc1 a5 26. Rxc4 Be6 27. Rd4 Bd7 28. Rxd6 Bb5 29. Rf2 Bxd6 30. Qxd6 Re8 31. Bxf6 Nxf6 32. Qxf6 Rf8 33. Qe6+ Kh8 34. Qe5+ Kg8 35. Qxb5 h6 36. Qd5+ Kg7 37. Qd7+ Kg8 38. Qh7# {Black checkmated} 1-0

[Event "FICS rated blitz game"]
[Site "FICS freechess.org"]
[FICSGamesDBGameNo "20001970"]
[White "twinknut"]
[Black "rifki"]
[WhiteElo "1989"]
[BlackElo "1850"]
[WhiteRD "na"]
[BlackRD "na"]
[TimeControl "300+0"]
[Date "1999.09.21"]
[Time "11:39:00"]
[WhiteClock "0:05:00.000"]
[BlackClock "0:05:00.000"]
[ECO "E76"]
[PlyCount "73"]
[Result "1-0"]

1. d4 g6 2. c4 Bg7 3. e4 c5 4. d5 d6 5. f4 Nf6 6. Nc3 O-O 7. Nf3 a6 8. Bd3 Nbd7 9. O-O Rb8 10. a4 Re8 11. e5 dxe5 12. fxe5 Nh5 13. e6 fxe6 14. dxe6 Ne5 15. Nxe5 Bxe5 16. Qe2 Qd4+ 17. Be3 Qxe3+ 18. Qxe3 Bd4 19. Qxd4 cxd4 20. Nd5 Bxe6 21. Nc7 Bd7 22. Nxe8 Rxe8 23. a5 e5 24. Be4 Bc8 25. b4 Kg7 26. Rfe1 Nf6 27. b5 Bf5 28. Bxb7 axb5 29. cxb5 e4 30. a6 Re7 31. a7 Rxb7 32. a8=Q Rxb5 33. Ra7+ Kh6 34. Qf8+ Kg5 35. h4+ Kg4 36. Qxf6 d3 37. Qg5# {Black checkmated} 1-0

[Event "FICS rated blitz game"]
[Site "FICS freechess.org"]
[FICSGamesDBGameNo "20001968"]
[White "mitloehn"]
[Black "Wright"]
[WhiteElo "1197"]
[BlackElo "1215"]
[WhiteRD "na"]
[BlackRD "na"]
[TimeControl "300+0"]
[Date "1999.09.21"]
[Time "08:14:00"]
[WhiteClock "0:05:00.000"]
[BlackClock "0:05:00.000"]
[ECO "C44"]
[PlyCount "37"]
[Result "1-0"]

1. e4 e5 2. Nf3 Nc6 3. d4 exd4 4. c3 dxc3 5. Nxc3 Nf6 6. Bf4 d6 7. Bc4 h6 8. O-O Bg4 9. Re1 g5 10. Bg3 Bxf3 11. Qxf3 Nd4 12. Qd3 c5 13. e5 Kd7 14. exf6 Qxf6 15. Nb5 Nf5 16. Rad1 a6 17. Nc3 b5 18. Nd5 Qd8 19. Qxf5+ {Black forfeits on time} 1-0

[Event "FICS rated blitz game"]
[Site "FICS freechess.org"]
[FICSGamesDBGameNo "20001967"]
[White "Oslec"]
[Black "Noxin"]
[WhiteElo "1609"]
[BlackElo "1611"]
[WhiteRD "na"]
[BlackRD "na"]
[TimeControl "300+0"]
[Date "1999.09.21"]
[Time "08:10:00"]
[WhiteClock "0:05:00.000"]
[BlackClock "0:05:00.000"]
[ECO "D35"]
[PlyCount "57"]
[Result "1-0"]

1. d4 Nf6 2. c4 e6 3. Nc3 d5 4. cxd5 exd5 5. Bg5 Nbd7 6. e3 c6 7. Bd3 Be7 8. Nge2 h6 9. Bh4 g5 10. Bg3 Nf8 11. O-O Bg4 12. Be5 Ng6 13. Bxf6 Bxf6 14. h3 Be6 15. Qb3 Qd7 16. a4 O-O 17. a5 Bxh3 18. gxh3 Qxh3 19. Bxg6 fxg6 20. Qxb7 g4 21. Qxc6 Rad8 22. Nxd5 Bh4 23. Ne7+ Kh8 24. Nxg6+ Kg7 25. Nxf8 Rxf8 26. Nf4 Rxf4 27. exf4 g3 28. fxg3 Qxg3+ 29. Qg2 {Black resigns} 1-0

[Event "FICS rated blitz game"]
[Site "FICS freechess.org"]
[FICSGamesDBGameNo "20001966"]
[White "dirkmann"]
[Black "PumaGM"]
[WhiteElo "1911"]
[BlackElo "1891"]
[WhiteRD "na"]
[BlackRD "na"]
[TimeControl "180+0"]
[Date "1999.09.21"]
[Time "06:11:00"]
[WhiteClock "0:03:00.000"]
[BlackClock "0:03:00.000"]
[ECO "D01"]
[PlyCount "56"]
[Result "0-1"]

1. d4 Nf6 2. Nc3 d5 3. Bg5 Bf5 4. f3 Nbd7 5. e4 dxe4 6. Bc4 exf3 7. Nxf3 e6 8. O-O Be7 9. Qe2 O-O 10. Rad1 Nb6 11. Bb3 Nbd5 12. Nh4 Nxc3 13. bxc3 Bg6 14. Nxg6 hxg6 15. c4 a5 16. a4 Qd7 17. d5 Rfe8 18. dxe6 Bc5+ 19. Kh1 Qxe6 20. Qf3 Ne4 21. Bh4 f5 22. Rfe1 Qe5 23. h3 g5 24. Bxg5 Nxg5 25. Qxb7 Ne4 26. Rd5 Ng3+ 27. Kh2 Nf1+ 28. Kh1 Qh2# {White checkmated} 0-1

[Event "FICS rated blitz game"]
[Site "FICS freechess.org"]
[FICSGamesDBGameNo "20001964"]
[White "Capablanka"]
[Black "Procyon"]
[WhiteElo "1355"]
[BlackElo "1312"]
[WhiteRD "na"]
[BlackRD "na"]
[TimeControl "180+10"]
[Date "1999.09.21"]
[Time "05:38:00"]
[WhiteClock "0:03:00.000"]
[BlackClock "0:03:00.000"]
[ECO "E81"]
[PlyCount "57"]
[Result "1-0"]

1. d4 Nf6 2. c4 g6 3. Nc3 Bg7 4. e4 O-O 5. f3 d6 6. Be3 Re8 7. Nge2 c5 8. d5 Bd7 9. Qd2 Na6 10. h4 Nb4 11. a3 Na6 12. g4 Nxg4 13. fxg4 Bxg4 14. Bh6 e6 15. Bxg7 Kxg7 16. O-O-O h5 17. Bh3 Bxh3 18. Rxh3 exd5 19. exd5 Qd7 20. Rg3 Nc7 21. Nf4 Re5 22. Rdg1 Qf5 23. Rg5 Qd7 24. Nxh5+ Kf8 25. Rxe5 dxe5 26. Qh6+ Ke7 27. Qg5+ Kd6 28. Qf6+ Ne6 29. Nb5+ {Black resigns} 1-0

[Event "FICS rated blitz game"]
[Site "FICS freechess.org"]
[FICSGamesDBGameNo "20001963"]
[White "fooio"]
[Black "JALewis"]
[WhiteElo "1461"]
[BlackElo "1096"]
[WhiteRD "na"]
[BlackRD "na"]
[TimeControl "600+0"]
[Date "1999.09.21"]
[Time "03:46:00"]
[WhiteClock "0:10:00.000"]
[BlackClock "0:10:00.000"]
[ECO "C00"]
[PlyCount "49"]
[Result "1-0"]

1. e4 e6 2. f4 d5 3. exd5 exd5 4. Nf3 Nc6 5. d4 Bg4 6. Be2 Nf6 7. O-O Bd6 8. Re1 O-O 9. c3 Re8 10. Ng5 Bxe2 11. Rxe2 h6 12. Nf3 Ne4 13. Qe1 f5 14. Na3 g5 15. fxg5 hxg5 16. Nb5 f4 17. Nxd6 Qxd6 18. Nd2 g4 19. Nxe4 dxe4 20. Rxe4 f3 21. Rxg4+ Kf8 22. Rf4+ Kg8 23. Qg3+ Kh7 24. Rh4+ Qh6 25. Rxh6# {Black checkmated} 1-0

[Event "FICS rated blitz game"]
[Site "FICS freechess.org"]
[FICSGamesDBGameNo "20001962"]
[White "slnko"]
[Black "Zappa"]
[WhiteElo "1418"]
[BlackElo "1409"]
[WhiteRD "na"]
[BlackRD "na"]
[TimeControl "180+13"]
[Date "1999.09.21"]
[Time "02:14:00"]
[WhiteClock "0:03:00.000"]
[BlackClock "0:03:00.000"]
[ECO "C25"]
[PlyCount "53"]
[Result "1-0"]

1. e4 e5 2. Bc4 d6 3. Nc3 c6 4. Nf3 Bg4 5. O-O Nd7 6. Be2 Ngf6 7. d4 Bxf3 8. Bxf3 exd4 9. Qxd4 Qb6 10. Qxb6 Nxb6 11. Bg5 Be7 12. Rfe1 h6 13. Bh4 Nc4 14. Re2 Nxb2 15. Rb1 Nc4 16. Rxb7 Ne5 17. Re3 g5 18. Bg3 Nxf3+ 19. gxf3 Nh5 20. Rd3 Bf6 21. Bxd6 Bxc3 22. Rxc3 Rd8 23. Rxc6 Rd7 24. Rc8+ Rd8 25. Re7+ Kf8 26. Rd7+ Ke8 27. Rdxd8# {Black checkmated} 1-0

[Event "FICS rated blitz game"]
[Site "FICS freechess.org"]
[FICSGamesDBGameNo "20001961"]
[White "TallSteve"]
[Black "Etam"]
[WhiteElo "1390"]
[BlackElo "1457"]
[WhiteRD "na"]
[BlackRD "na"]
[TimeControl "180+0"]
[Date "1999.09.21"]
[Time "01:09:00"]
[WhiteClock "0:03:00.000"]
[BlackClock "0:03:00.000"]
[ECO "A00"]
[PlyCount "65"]
[Result "1-0"]

1. Nh3 d5 2. g3 Bxh3 3. Bxh3 Nf6 4. O-O Nc6 5. f4 e6 6. d3 Bc5+ 7. Kg2 h5 8. e3 h4 9. g4 Qe7 10. d4 Bd6 11. Nc3 Ne4 12. Nxe4 dxe4 13. c4 f5 14. c5 fxg4 15. Bxg4 h3+ 16. Bxh3 Qh4 17. Qg4 Qxg4+ 18. Bxg4 O-O-O 19. cxd6 cxd6 20. Bxe6+ Kb8 21. Bd5 Ne7 22. Bxe4 g5 23. fxg5 Rdg8 24. g6 Rh6 25. Rf6 Nxg6 26. Kf2 Kc7 27. Rf7+ Kb6 28. Rxb7+ Ka5 29. Bd2+ Ka6 30. Rb3 Rxh2+ 31. Ke1 Rh1+ 32. Bxh1 Rh8 33. Bb7# {Black checkmated} 1-0

[Event "FICS rated blitz game"]
[Site "FICS freechess.org"]
[FICSGamesDBGameNo "20001960"]
[White "marix"]
[Black "fun"]
[WhiteElo "1776"]
[BlackElo "1943"]
[WhiteRD "na"]
[BlackRD "na"]
[TimeControl "300+0"]
[Date "1999.09.21"]
[Time "00:46:00"]
[WhiteClock "0:05:00.000"]
[BlackClock "0:05:00.000"]
[ECO "A00"]
[PlyCount "77"]
[Result "1-0"]

1. b4 e6 2. Bb2 Nf6 3. a3 a5 4. b5 c6 5. a4 d5 6. Nf3 Bd7 7. e3 Qb6 8. Na3 Bxa3 9. Bxa3 cxb5 10. axb5 Ne4 11. Rb1 f6 12. Be2 Kf7 13. O-O Be8 14. Nd4 Nd7 15. f3 Nec5 16. c4 Rd8 17. Kh1 h5 18. cxd5 exd5 19. Nf5 g6 20. Nh4 Ne6 21. Qc2 Rg8 22. Bd3 Ne5 23. f4 Nxd3 24. Qxd3 Nc5 25. Qc2 Ne4 26. Rfc1 Bd7 27. Qc7 Qxc7 28. Rxc7 Ke6 29. Kg1 b6 30. Nf3 g5 31. Nd4+ Kf7 32. f5 Rge8 33. Ne6 Rxe6 34. fxe6+ Kxe6 35. Rbc1 Nxd2 36. Bb2 Nc4 37. Bd4 Bxb5 38. Rf1 Nd2 39. Rxf6# {Black checkmated} 1-0

[Event "FICS rated standard game"]
[Site "FICS freechess.org"]
[FICSGamesDBGameNo "20001959"]
[White "nioccor"]
[Black "vieque"]
[WhiteElo "1664"]
[BlackElo "1792"]
[WhiteRD "na"]
[BlackRD "na"]
[TimeControl "900+0"]
[Date "1999.09.21"]
[Time "00:28:00"]
[WhiteClock "0:15:00.000"]
[BlackClock "0:15:00.000"]
[ECO "B46"]
[PlyCount "107"]
[Result "1-0"]

1. e4 c5 2. Nf3 e6 3. d4 cxd4 4. Nxd4 Nc6 5. Nc3 a6 6. Bf4 Qb6 7. Nb3 Bb4 8. Qd3 Nf6 9. Be2 Be7 10. h4 Nb4 11. Qd2 d6 12. a3 Nc6 13. Bxd6 Bxd6 14. Qxd6 Qd8 15. O-O-O Qxd6 16. Rxd6 O-O 17. Rhd1 h6 18. f4 Ne8 19. R6d2 b5 20. Nc5 Nc7 21. Rd8 Nxd8 22. a4 Nc6 23. axb5 axb5 24. Rd6 Nb4 25. Nxb5 Nxb5 26. Bxb5 Ra5 27. c4 Ba6 28. Nxa6 Ra1+ 29. Kd2 Nxa6 30. Rxa6 Rd8+ 31. Kc3 Rxa6 32. Bxa6 Ra8 33. Bb7 Rb8 34. Bc6 Kf8 35. b4 Ke7 36. b5 f6 37. Kb4 Kd6 38. c5+ Kc7 39. Ka5 g5 40. hxg5 hxg5 41. f5 exf5 42. exf5 Rh8 43. Ka6 Rh4 44. Ka5 Rf4 45. Bf3 Rxf5 46. b6+ Kb8 47. Kb5 Re5 48. Kc6 f5 49. Kd6 Re3 50. c6 Rd3+ 51. Ke5 g4 52. Bd5 f4 53. Kd6 f3 54. c7+ {Black resigns} 1-0

[Event "FICS rated blitz game"]
[Site "FICS freechess.org"]
[FICSGamesDBGameNo "20001958"]
[White "AlexBaban"]
[Black "paulc"]
[WhiteElo "1684"]
[BlackElo "1715"]
[WhiteRD "na"]
[BlackRD "na"]
[TimeControl "240+12"]
[Date "1999.09.20"]
[Time "23:50:00"]
[WhiteClock "0:04:00.000"]
[BlackClock "0:04:00.000"]
[ECO "B40"]
[PlyCount "89"]
[Result "1-0"]

1. e4 c5 2. Nf3 e6 3. d4 cxd4 4. Nxd4 Bc5 5. Be3 Qb6 6. Nb5 Bxe3 7. Nd6+ Kf8 8. fxe3 Qxe3+ 9. Qe2 Qxe2+ 10. Bxe2 Nc6 11. O-O f6 12. Nc3 Ke7 13. Rad1 Ne5 14. Rd4 Nh6 15. h3 Nhf7 16. Rfd1 Nxd6 17. Rxd6 a6 18. Na4 b5 19. Nb6 Ra7 20. a4 bxa4 21. Nxa4 Rd8 22. c4 Bb7 23. Nc5 Nc6 24. Rxd7+ Rxd7 25. Rxd7+ Ke8 26. Rxb7 Rxb7 27. Nxb7 Nd4 28. Bd3 Ke7 29. b4 e5 30. c5 Nc6 31. b5 axb5 32. Bxb5 Nd4 33. Bc4 g6 34. Na5 f5 35. Bd5 Kd7 36. Nc4 fxe4 37. Nxe5+ Kc7 38. Bxe4 Ne6 39. c6 Nd4 40. Kf2 g5 41. Ke3 Ne6 42. Bxh7 Nf4 43. Be4 Kd6 44. h4 Kxe5 45. c7 {Black resigns} 1-0

[Event "FICS rated blitz game"]
[Site "FICS freechess.org"]
[FICSGamesDBGameNo "20001957"]
[White "Sierra"]
[Black "trei"]
[WhiteElo "1365"]
[BlackElo "1092"]
[WhiteRD "na"]
[BlackRD "na"]
[TimeControl "300+0"]
[Date "1999.09.20"]
[Time "23:48:00"]
[WhiteClock "0:05:00.000"]
[BlackClock "0:05:00.000"]
[ECO "C40"]
[PlyCount "82"]
[Result "0-1"]

1. e4 e5 2. Nf3 Bc5 3. d3 d6 4. Be2 Nc6 5. Be3 Nd4 6. Nc3 Nf6 7. Bxd4 exd4 8. Na4 Bb4+ 9. c3 dxc3 10. Nxc3 O-O 11. O-O h6 12. Nb5 a6 13. Nbd4 d5 14. exd5 Nxd5 15. a3 Bd6 16. h3 Bxh3 17. gxh3 Qf6 18. Kh1 c5 19. Nb3 Qxb2 20. Nbd2 Nc3 21. Qe1 Rae8 22. Nc4 Qxe2 23. Qxe2 Rxe2 24. Nxd6 b5 25. Rac1 Na4 26. Nb7 Ra2 27. Nxc5 Rxa3 28. Nxa6 Rxd3 29. Ne5 Rxh3+ 30. Kg2 Rh5 31. Nd7 Rd8 32. Nb6 Nxb6 33. Rb1 Rd6 34. Nc7 Rf6 35. Rxb5 Rg5+ 36. Rxg5 hxg5 37. Re1 Nc4 38. Ne8 Rf4 39. Kg3 Nd2 40. Nd6 f6 41. Re8+ Kh7 {White forfeits on time} 0-1

[Event "FICS rated blitz game"]
[Site "FICS freechess.org"]
[FICSGamesDBGameNo "20001956"]
[White "mandevil"]
[Black "Alecs"]
[WhiteElo "1854"]
[BlackElo "1293"]
[WhiteRD "na"]
[BlackRD "na"]
[TimeControl "180+0"]
[Date "1999.09.20"]
[Time "22:16:00"]
[WhiteClock "0:03:00.000"]
[BlackClock "0:03:00.000"]
[ECO "C21"]
[PlyCount "45"]
[Result "1-0"]

1. e4 e5 2. d4 exd4 3. c3 dxc3 4. Bc4 cxb2 5. Bxb2 d5 6. Bxd5 Nf6 7. Bxf7+ Kxf7 8. Qxd8 Bb4+ 9. Qd2 Bxd2+ 10. Nxd2 Re8 11. e5 Nc6 12. Ngf3 Bf5 13. O-O Nd5 14. Rfe1 Ndb4 15. e6+ Kg8 16. Rac1 Nd3 17. Nh4 Bxe6 18. Ba3 Nxe1 19. Rxe1 Bxa2 20. Rxe8+ Rxe8 21. Nhf3 Nd4 22. h4 Nxf3+ 23. Nxf3 {Black forfeits on time} 1-0